 Dungeon Crawl Stone Soup version 0.23-a0-32-g1388f29 (webtiles) character file.

32 KyrpaJooseppi the Grave Robber (level 3, 0/28 HPs)
             Began as a Vine Stalker Necromancer on Aug 4, 2018.
             Succumbed to an adder's poison
             ... on level 1 of the Dungeon.
             The game lasted 00:03:19 (987 turns).

KyrpaJooseppi the Grave Robber (VSNe)                Turns: 987, Time: 00:03:20

Health: 0/28       AC: 21    Str: 11    XL:     3   Next: 27%
Magic:  1/7        EV:  2    Int: 15    God:
Gold:   37         SH:  0    Dex: 14    Spells: 5/6 levels left

rFire    . . .     SeeInvis .   (no weapon)
rCold    . . .     Gourm    .   (no shield)
rNeg     + + +     Faith    .   (armour currently unavailable)
rPois    +         Spirit   +   (helmet currently unavailable)
rElec    .         Reflect  .   (cloak currently unavailable)
rCorr    .         Harm     .   (gloves currently unavailable)
MR       .....     NoTele   +   (boots currently unavailable)
Stlth    ++........             (no amulet)
HPRegen  0.09/turn              (no ring)
MPRegen  0.10/turn              (no ring)

@: lethally poisoned (0 -> -3), tree-form
A: magic shield, no potion heal 3, rot immunity
a: no special abilities


You were on level 1 of the Dungeon.
You were not hungry.
You were a tree.
You visited 1 branch of the dungeon, and saw 2 of its levels.

You collected 37 gold pieces.

Inventory:

Hand Weapons
 a - a +0 short sword
 b - a +0 hunting sling
Missiles
 e - 7 stones (quivered)
Armour
 d - a +0 ring mail (melded)
 i - a +0 robe
Scrolls
 f - a scroll of amnesia {unknown}
 g - 2 scrolls of teleportation {unknown}
Potions
 h - a potion of lignification
 j - a potion of magic {unknown}
Comestibles
 c - a ration


   Skills:
 + Level 2.5 Fighting
 - Level 1.5 Dodging
 - Level 2.4 Stealth
 - Level 2.1 Spellcasting
 - Level 4.0 Necromancy


You had 5 spell levels left.
You knew the following spells:

 Your Spells              Type           Power        Failure   Level  Hunger
z - Pain                  Necr           ##..         4%          1    #......

Your spell library contained the following spells:

 Spells                   Type           Power        Failure   Level  Hunger
 Animate Dead             Necr           N/A          38%         4    #####..
 Animate Skeleton         Necr           N/A          4%          1    #......
 Vampiric Draining        Necr           ##........   13%         3    ###....
 Regeneration             Chrm/Necr      #.........   28%         3    ###....


Dungeon Overview and Level Annotations

Branches:
Dungeon (2/15)

Altars:

Annotations:
D:2 Sigmund


Innate Abilities, Weirdness & Mutations

((You have extremely sharp teeth.))
When hurt, damage is shared between your health and your magic reserves.
((Your bite disrupts and absorbs the magic of your enemies.))
Potions cannot restore your health.
You are immune to rotting.


Message History

There is a lethal amount of poison in your body!
Really attack barehanded?
You barely miss the adder.
The adder is severely wounded.
* * * LOW HITPOINT WARNING * * *
You feel sick.
The adder bites you but does no damage. x2
Unknown command.
You closely miss the adder.
The adder is severely wounded.
The adder bites you but does no damage.
There is a lethal amount of poison in your body!
You closely miss the adder.
The adder is severely wounded.
The adder bites you but does no damage.
You closely miss the adder.
The adder is severely wounded.
The adder bites you but does no damage.
You smack the adder!
You kill the adder!
You die...

#....# ###.### ##.## ####.###
#.####### #.# #......# #.......#
#.# #.##.#.####..####.###.#
#.##.#.#.##....."..##.#
#.##...........)#..##.# ####
#.####.#......#.......# #...
#......##..........########.#)
############....♣####.##.......#.
......# #.....†....##.#####.#.
#####.# #.)...#######.##......
#.# ##...## ###.##.##... #.#
#...# #.........#. #.# #...#
#.####.#.### #.# #...######.#
#)#.### #.#######..........#
#.#.##. #####.##...............#
#....#.


There were no monsters in sight!

Vanquished Creatures
  An adder (D:1)
  2 bats (D:1)
  3 hobgoblins (D:1)
  4 frilled lizards (D:1)
  6 goblins (D:1)
  5 kobolds (D:1)
  2 rats
23 creatures vanquished.

Notes
Turn   | Place    | Note
-------+----------+-------------------------------------------
     0 | D:1      | KyrpaJooseppi the Vine Stalker Necromancer began the quest for the Orb.
     0 | D:1      | Reached XP level 1. HP: 9/9 MP: 4/4
   181 | D:1      | Reached skill level 1 in Fighting
   361 | D:1      | Reached XP level 2. HP: 13/14 MP: 6/6
   964 | D:2      | Reached XP level 3. HP: 18/18 MP: 7/7
   965 | D:2      | Noticed Sigmund
   983 | D:1      | HP: 1/27 [poisoned by an adder]
   987 | D:1      | Succumbed to an adder's poison

Vault maps used:
D:1:      dpeg_arrival_connections
D:2:      uniq_sigmund

Skill      XL: |  1  2 |
---------------+-------+-----
Fighting       | 1 2 |  2.5
Dodging        | |  1.5
Stealth        | |  2.4
Spellcasting   | |  2.1
Necromancy     | |  4.0

Action                   || total
-------------------------++-------
Melee: Unarmed           ||    42
       Bite              ||     8
       Short sword       ||     5
 Fire: Hunting sling     ||    36
 Cast: Pain              ||     8
  Use: Potion            ||     1
Armor: Robe              ||     2
       Ring mail         ||    16
       Skin              ||    13
Dodge: Dodged            ||    32

Table legend:
 A = Spawn XP
 B = Non-spawn XP
 C = Spawn XP percentage of total XP
 D = Spawn monster count
 E = Non-spawn monster count
 F = Spawn count percentage of total count
 G = Total turns spent on level
                    A         B        C        D         E        F      G
               +---------+---------+-------+---------+---------+-------+---------
         Total |       0 |      47 |   0.0 |       0 |      23 |   0.0 |   987
               +---------+---------+-------+---------+---------+-------+---------
           D:1 |       0 |      46 |   0.0 |       0 |      22 |   0.0 |   980
           D:2 |       0 |       1 |   0.0 |       0 |       1 |   0.0 |     7
               +---------+---------+-------+---------+---------+-------+---------
